 Dungeon Crawl Stone Soup version 0.19.1-1-g22dce08 (webtiles) character file.

13 McKennaii the Magician (level 2, 0/17 HPs)
             Began as a High Elf Wizard on Jan 6, 2017.
             Succumbed to an adder's poison
             ... on level 2 of the Dungeon.
             The game lasted 00:03:17 (473 turns).

McKennaii the Magician (High Elf Wizard)             Turns: 473, Time: 00:03:18

Health: 0/17       AC:  2    Str:  6    XL:     2   Next: 24%
Magic:  0/8        EV: 12    Int: 21    God:
Gold:   70         SH:  0    Dex: 13    Spells: 4 memorised, 2 levels left

rFire  . . .     SeeInvis .     (no weapon)
rCold  . . .     Gourm    .     a - +0 robe
rNeg   . . .     Faith    .     (no shield)
rPois  .         Spirit   .     b - +0 hat
rElec  .         Reflect  .     (no cloak)
rCorr  .         Harm     .     (no gloves)
MR     .....                    (no boots)
Stlth  ++........               i - amulet of regeneration
                                (no ring)
                                (no ring)

@: lethally poisoned (0 -> -3), very slightly contaminated
A: no striking features
a: no special abilities


You were on level 2 of the Dungeon.
You were not hungry.

You visited 1 branch of the dungeon, and saw 2 of its levels.

You collected 70 gold pieces.

Inventory:

Armour
 a - a +0 robe (worn)
 b - a +0 hat (worn)
Jewellery
 i - an amulet of regeneration (around neck)
Scrolls
 e - a scroll of immolation {unknown}
 g - a scroll of identify {unknown}
 h - a scroll of remove curse {unknown}
 j - a scroll of enchant weapon {unknown}
 k - a scroll of teleportation {unknown}
Potions
 m - a potion of curing {unknown}
Books
 c - a book of Minor Magic

   Spells                             Type                      Level
   a - Magic Dart                     Conjuration                  1
   b - Blink                          Translocation                2
   c - Call Imp                       Summoning                    2
   d - Repel Missiles                 Charms/Air                   2
   e - Slow                           Hexes                        2
   f - Conjure Flame                  Conjuration/Fire             3
   g - Mephitic Cloud                 Conjuration/Poison/Air       3
Comestibles
 d - a bread ration
 f - a meat ration
 l - a beef jerky


   Skills:
 + Level 2.2 Dodging
 + Level 2.2 Stealth
 + Level 4.1 Spellcasting
 + Level 1.4 Conjurations
 + Level 0.8 Summonings
 + Level 1.1 Translocations


You had 2 spell levels left.
You knew the following spells:

 Your Spells              Type           Power        Failure   Level  Hunger
a - Magic Dart            Conj           ##..         8%          1    None
b - Call Imp              Summ           #.......     14%         2    #......
c - Blink                 Tloc           N/A          12%         2    #......
d - Slow                  Hex            #.......     17%         2    #......


Dungeon Overview and Level Annotations

Branches:
Dungeon (2/15)

Altars:


Message History

You feel sick. The adder bites you.
Casting: Magic Dart
Confirm with . or Enter, or press ? or * to list all spells.
Aiming: Magic Dart
Press: ? - help, Shift-Dir - straight line, f/p - adder
Aim: an adder (heavily wounded)
The magic dart hits the adder.
The adder is severely wounded.
The adder bites you.
You are more poisoned.
The adder poisons you! The adder misses you.
You feel sick.
You feel sick.
You feel sick. The adder bites you.
* * * LOW HITPOINT WARNING * * *
You are more poisoned.
The adder poisons you!
* * * LOW HITPOINT WARNING * * *
You feel sick.
You die...

### ### ..# ..#
##.########.##
#....(.......##### ##
#................. .#
##.......##...#### ###.###
..........##.## #...!.#
##........##.########....!#
..........##..(.@.S..)....#
##...........########.....#
####.###.#### #.....#
####..##.# ###.#..#
##......#.# .# .#
.......<..# .. ..
#........###### ## #
#...............
#........#######


You could see an adder.

Vanquished Creatures
  A leopard gecko (D:1)
  4 goblins
  A hobgoblin (D:1)
  A kobold (D:2)
  A quokka (D:2)
  2 bats (D:1)
10 creatures vanquished.

Notes
Turn   | Place    | Note
-------+----------+-------------------------------------------
     0 | D:1      | McKennaii the High Elf Wizard began the quest for the Orb.
     0 | D:1      | Reached XP level 1. HP: 11/11 MP: 6/6
   252 | D:1      | Reached skill level 4 in Spellcasting
   330 | D:1      | Reached XP level 2. HP: 17/17 MP: 5/8
   334 | D:1      | Learned a level 2 spell: Call Imp
   337 | D:1      | Learned a level 2 spell: Blink
   340 | D:1      | Learned a level 2 spell: Slow
   473 | D:2      | Succumbed to an adder's poison

Skill      XL: |  1 |
---------------+----+-----
Spellcasting   | 4 |  4.1
Dodging        | |  2.2
Stealth        | |  2.2
Conjurations   | |  1.4
Summonings     | |  0.8
Translocations | |  1.1

Action                   || total
-------------------------++-------
Melee: Unarmed           ||     5
 Cast: Magic Dart        ||    27
Armor: Robe              ||     2
Dodge: Dodged            ||     6
